 Dungeon Crawl Stone Soup version 0.27-a0-765-ge4d627daa3 (webtiles) character file.

Game seed: 16663709179250927717

7753 robertstho the Thaumaturge (level 11, -1/73 HPs)
             Began as a Djinni Fire Elementalist on Mar 24, 2021.
             Was an Initiate of Gozag.
             Killed by divine providence
             ... invoked by an orc priest
              (12 damage)
             ... on level 2 of the Orcish Mines.
             The game lasted 00:26:38 (14428 turns).

robertstho the Thaumaturge (DjFE)                  Turns: 14428, Time: 00:26:38

Health: -1/73      AC:  6    Str: 11    XL:     11   Next: 20%
Gold:   539        EV: 15    Int: 19    God:    Gozag SH:  0 Dex: 15

rFire    + + .     SeeInvis .   v - +5 trident of Karma {venom, Str+4 Stlth+}
rCold    . . .     Faith    .   (no shield)
rNeg     . . .     Spirit   .   y - +0 steam dragon scales
rPois    ∞         Reflect  +   (no helmet)
rElec    .         Harm     .   k - +0 cloak
rCorr    .         Rampage  .   (no gloves)
Will     +....                  (boots unavailable)
Stlth    ++........             f - amulet of reflection
HPRegen  0.22/turn              e - ring of protection from cold
MPRegen  0.00/turn              (no ring)

@: confused, ambrosia-drunk, flying
A: fire resistance 2, cold vulnerability 1, float, innate caster, hp casting,
extra vitality 1
a: Renounce Religion, Potion Petition, Call Merchant, Bribe Branch


You were on level 2 of the Orcish Mines.
You worshipped Gozag.
Gozag was pleased with you.
You visited 3 branches of the dungeon, and saw 12 of its levels.
You also visited: Sewer.

You collected 1201 gold pieces.
You paid 662 gold pieces to Gozag.

Inventory:

Hand Weapons
 v - the +5 trident of Karma (weapon) {venom, Str+4 Stlth+}
   (You found it on level 6 of the Dungeon)

   It poisons the flesh of those it strikes.
   It affects your strength (+4).
   It makes you more stealthy.
Armour
 k - a +0 cloak (worn)
 y - +0 steam dragon scales (worn)
Jewellery
 e - a ring of protection from cold (right hand)
 f - an amulet of reflection (around neck)
Scrolls
 b - a scroll of identify
 d - 2 scrolls of noise
 g - 2 scrolls of amnesia {unknown}
 h - a scroll of enchant weapon
 i - a scroll of brand weapon {unknown}
 l - a scroll of fog {unknown}
 m - a scroll of holy word {unknown}
 q - a scroll of teleportation
 r - 2 scrolls of magic mapping {unknown}
 t - a scroll of fear {unknown}
 w - 2 scrolls of blinking {unknown}
Potions
 a - 2 potions of degeneration
 c - 2 potions of might
 j - 2 potions of ambrosia
 n - a potion of berserk rage
 o - a potion of resistance {unknown}
 p - a potion of haste {unknown}
 s - a potion of brilliance {unknown}
 u - a potion of cancellation
 x - a potion of lignification


   Skills:
 + Level 4.1 Fighting
 + Level 2.6 Long Blades
 + Level 4.2 Polearms
 + Level 6.4 Dodging
 + Level 5.6 Stealth
 + Level 2.9 Shields
 + Level 10.8 Spellcasting


You had 2 spell levels left.
You knew the following spells:

 Your Spells              Type           Power      Damage    Failure   Level
a - Foxfire               Conj/Fire      100%       2x1d9     1%          1
b - Conjure Flame         Conj/Fire      50%        6-21      1%          3
c - Inner Flame           Hex/Fire       50%        N/A       1%          3
d - Sticky Flame          Conj/Fire      50%        2d7       1%          4
e - Fireball              Conj/Fire      25%        3d11      2%          5
f - Sting                 Tmut/Pois      100%       1d8       1%          1
g - Corpse Rot            Necr/Air       N/A        N/A       1%          2
h - Swiftness             Air            50%        N/A       1%          2
i - Ozocubu's Armour      Ice            50%        N/A       1%          3
j - Blade Hands           Tmut           25%        N/A       2%          5
Your spell library was empty.

Dungeon Overview and Level Annotations

Branches:
Dungeon (9/15)             Temple (1/1) D:7             Orc (2/2) D:9
  Sewer (visited)
   Lair: D:8-11         Elf: Orc:2

Altars:
Ashenzari
Cheibriados
Dithmenos
Elyvilon
Fedhas
Gozag
Hepliaklqana
Kikubaaqudgha
Makhleb
Nemelex Xobeh
Okawaru
Qazlal
Ru
Sif Muna
Trog
Uskayaw
Vehumet
Wu Jian
Xom
Yredelemnul
Zin
The Shining One

Shops:
D:9 =


Innate Abilities, Weirdness & Mutations

You are immune to poison.
Your flesh is very heat resistant. (rF++)
You are vulnerable to cold. (rC-)
You float through the air rather than walking.
You learn spells naturally, not from books.
Your magical power is your life essence.
You have superior vitality. (+4 HP)


Message History

Aiming: Fireball (dangerous; 2% risk of failure)
Press: ? - help, Shift-Dir - straight line, f - orc priest
Aim: an orc priest, wielding a +0 dagger The fireball explodes!
The fireball engulfs the orc priest!
The orc priest is severely wounded.
You feel a bit more experienced.
* * * LOW HITPOINT WARNING * * *
An ogre comes into view. It is wielding a +0 giant club.
As you read the scroll of teleportation, it crumbles to dust.
You feel strangely unstable.
The orc priest begins to cast a cantrip, but forgets the words!
An orc warrior comes into view.
It is wielding a +0 long sword of venom.
The orc priest miscasts a cantrip.
Your surroundings suddenly seem different.
The sentinel's mark upon you fades away.
An orc priest comes into view. It is wielding a +0 hand axe.
As you read the scroll of identify, it crumbles to dust.
u - a potion of cancellation
As you read the scroll of identify, it crumbles to dust.
d - 2 scrolls of noise
As you read the scroll of identify, it crumbles to dust.
a - 2 potions of degeneration An orc warrior comes into view.
It is wielding a +0 mace.
As you read the scroll of identify, it crumbles to dust.
j - 3 potions of ambrosia The orc priest invokes the aid of Beogh against you.
Pain shoots through your body!
* * * LOW HITPOINT WARNING * * *
You are confused.
You feel invigorated.
The orc warrior throws a boomerang.
The boomerang hits you.
* * * LOW HITPOINT WARNING * * *
Unknown command.
An orc comes into view. It is wielding a +0 flail.
You're too confused to move!
An orc wizard comes into view. It is wielding a +0 dagger.
The orc priest invokes the aid of Beogh against you.
Beogh smites you!
You die...
Your body crumbles into a pile of gold.

## ##
##.####.##
...#....##
........##
#........##
#.........#
#..........
#####..@.......
........o.#....
...............
$
...............
.............#.
.........o#..o.
...............
..........o....
..............#


You could see an orc warrior, an orc priest, an orc wizard (wandering) and an
orc.

Vanquished Creatures
  A two-headed ogre (D:9)
  3 kobold demonologists (D:9)
  Grinder (D:3)
  2 hornets (D:8)
  A shadow (D:9)
  A vampire (D:9)
  4 yaks
  3 steam dragons
  A water moccasin (D:5)
  A black bear (D:6)
  4 necrophages (D:8)
  5 orc warriors
  An ice beast (D:7)
  3 centaurs
  3 kobold brigands
  Blork the orc (D:4)
  A gnoll sergeant (D:8)
  A wyvern zombie (D:8)
  A water moccasin zombie (D:5)
  2 scorpions
  12 killer bees
  15 wights
  4 howler monkeys
  A centaur zombie (D:8)
  2 jellies
  Crazy Yiuf (D:4)
  5 hounds
  A bullfrog skeleton (D:5)
  9 orc priests
  A centaur skeleton (D:7)
  An iguana (D:5)
  Natasha (twice) (D:4)
  7 orc wizards
  3 worker ants
  2 mummies (D:8)
  A worker ant zombie (D:5)
  6 gnolls
  9 adders
  3 river rats (Sewer)
  3 shadow imps
  A white imp (D:7)
  A dart slug (D:2)
  66 orcs
  6 endoplasms
  3 giant cockroaches
  10 goblins
  10 hobgoblins
  8 jackals
  11 kobolds
  5 quokkas
  13 ball pythons
  4 bats
  10 frilled lizards
  6 rats
282 creatures vanquished.

Vanquished Creatures (collateral kills)
  4 foxfires (D:3)
4 creatures vanquished.

Vanquished Creatures (others)
  809 foxfires
  2 fungi (D:4)
  29 plants
  5 withered plants (D:8)
845 creatures vanquished.

Grand Total: 1131 creatures vanquished

Notes
Turn   | Place    | Note
-------+----------+-------------------------------------------
     0 | D:1      | robertstho the Djinni Fire Elementalist began the quest for
                  | the Orb.
     0 | D:1      | Reached XP level 1. HP: 15/15 MP: 0/0
   213 | D:1      | Reached skill level 3 in Spellcasting
   295 | D:1      | Reached XP level 2. HP: 20/21 MP: 0/0
   779 | D:2      | Reached XP level 3. HP: 5/25 MP: 0/0
   779 | D:2      | Learned a level 1 spell: Sting
  2225 | D:2      | Reached XP level 4. HP: 28/31 MP: 0/0
  2229 | D:2      | Reached skill level 4 in Spellcasting
  2755 | D:3      | Noticed Grinder
  3369 | D:3      | Paralysed by Grinder for 4 turns
  3491 | D:3      | Killed Grinder
  3492 | D:3      | Reached skill level 5 in Spellcasting
  3492 | D:3      | Reached XP level 5. HP: 13/36 MP: 0/0
  3492 | D:3      | Learned a level 2 spell: Corpse Rot
  3492 | D:3      | Reached XP level 6. HP: 15/41 MP: 0/0
  4349 | D:4      | Noticed Blork the orc
  4357 | D:4      | Killed Blork the orc
  4360 | D:4      | Reached XP level 7. HP: 37/46 MP: 0/0
  4360 | D:4      | Learned a level 2 spell: Swiftness
  4607 | D:4      | Noticed Natasha
  4611 | D:4      | Killed Natasha
  4704 | D:4      | Found a runed translucent door.
  4705 | D:4      | Noticed Crazy Yiuf
  4727 | D:4      | Noticed Natasha
  4730 | D:4      | Killed Natasha
  4859 | D:4      | Reached skill level 1 in Fighting
  4859 | D:4      | Reached skill level 6 in Spellcasting
  5329 | D:4      | Found a hide-covered altar of Uskayaw.
  5436 | D:4      | Found a shadowy altar of Dithmenos.
  5437 | D:4      | Found an iron altar of Okawaru.
  5442 | D:4      | Found a blossoming altar of Fedhas.
  5773 | D:4      | Killed Crazy Yiuf
  5809 | D:5      | Entered Level 5 of the Dungeon
  6028 | D:5      | Reached XP level 8. HP: 38/52 MP: 0/0
  6167 | D:5      | Found a glowing drain.
  6178 | Sewer    | Entered a sewer
  6231 | Sewer    | Reached skill level 7 in Spellcasting
  6885 | D:5      | Reached skill level 1 in Long Blades
  8096 | D:6      | Found a broken altar of Ashenzari.
  8115 | D:6      | Identified the +5 trident of Karma {venom, Str+4 Stlth+}
  8443 | D:6      | Reached skill level 1 in Shields
  9091 | D:7      | Found a staircase to the Ecumenical Temple.
  9100 | Temple   | Entered the Ecumenical Temple
  9122 | D:7      | Reached skill level 1 in Polearms
  9132 | D:7      | Reached XP level 9. HP: 40/59 MP: 0/0
  9132 | D:7      | Learned a level 3 spell: Ozocubu's Armour
  9497 | D:7      | Reached skill level 5 in Dodging
  9785 | D:7      | Found a bloodstained altar of Trog.
 10150 | D:8      | HP: 2/59 [gnoll sergeant/+0 spear (12)]
 10282 | D:8      | Reached skill level 8 in Spellcasting
 10392 | D:8      | Noticed a hornet
 10397 | D:8      | Killed a hornet
 10825 | D:8      | Reached skill level 5 in Stealth
 11048 | D:8      | Reached XP level 10. HP: 63/66 MP: 0/0
 11185 | D:8      | Reached skill level 9 in Spellcasting
 11665 | D:8      | Found a glowing silver altar of Zin.
 11665 | D:8      | Found a white marble altar of Elyvilon.
 11666 | D:8      | Found a glowing golden altar of the Shining One.
 11854 | D:9      | Noticed a two-headed ogre
 11868 | D:9      | Killed a two-headed ogre
 12192 | D:9      | Reached skill level 10 in Spellcasting
 12390 | D:9      | Noticed a kobold demonologist
 12392 | D:9      | Noticed a rust devil
 12392 | D:9      | Noticed a kobold demonologist
 12396 | D:9      | Noticed a sun demon
 12396 | D:9      | Killed a kobold demonologist
 12398 | D:9      | Killed a kobold demonologist
 12954 | D:9      | Found an opulent altar of Gozag.
 12995 | D:9      | Became a worshipper of Gozag Ym Sagoz the Greedy
 13084 | D:9      | Found a staircase to the Orcish Mines.
 13428 | D:9      | Noticed a kobold demonologist
 13444 | D:9      | Reached XP level 11. HP: 38/72 MP: 0/0
 13444 | D:9      | Learned a level 5 spell: Blade Hands
 14111 | Orc:1    | Entered Level 1 of the Orcish Mines
 14386 | Orc:2    | Entered Level 2 of the Orcish Mines
 14425 | Orc:2    | HP: 1/73 [orc priest/nerve-wracking pain (11)]
 14428 | Orc:2    | Killed from afar by an orc priest

Illustrated notes

Levels and vault maps discovered:
D:1:      scummos_arrival_gate, layout_basic, chequers_serial_rivers_micro_a,
          chequers_serial_rivers_small_b
D:2:      layout_loops_corners, serial_bayou_pond_c
D:3:      layout_loops_ring, serial_bayou, serial_bayou_pond_a,
          serial_bayou_shore_b, serial_bayou_shore_b, serial_bayou_shore_a,
          serial_bayou_pond_b, minmay_misc_feat_encased, uniq_grinder
D:4:      layout_loops_ring, minitemple, uniq_blork_the_orc,
          uniq_crazy_yiuf_cottage, uniq_natasha
D:5:      layout_loops_corners, cheibrodos_sewer_entry_sluice
D:6:      layout_loops_ring, basic_altar
D:7:      layout_basic, lemuel_round_altar, nicolae_overflow_crystal_walls,
          minmay_temple_entry_grid, serial_corexii_hall,
          chequers_hall_statues_y, corexii_hall_statues_l
D:8:      layout_basic, good_gods_temple_1, serial_undead, serial_undead_a,
          serial_undead_a, serial_undead_e, serial_undead_a, serial_undead_c,
          serial_undead_b, serial_undead_d
D:9:      layout_irregular_city, nicolae_gozag_cash_rules_everything_around_me,
          hiddenorc2_lemuel
Temple:   minmay_freezing_vapour_temple
Orc:1:    layout_caves
Orc:2:    grunt_orc_community_town_hall, layout_caves,
          grunt_orc_community_big_house_2, grunt_orc_community_big_house_1,
          grunt_orc_community_house_2, grunt_orc_community_house_1,
          grunt_orc_community_house_2, grunt_orc_community_house_1,
          grunt_orc_community_house_1, nicolae_orc_pool_cavern

Skill      XL: |  1  2  3  4  5  6  7  8  9 10 11 |
---------------+----------------------------------+-----
Spellcasting   | 3 5 6 7 8 10 | 10.8
Dodging        | 3 4 5 6 |  6.4
Stealth        | 2 3 4 5 |  5.6
Fighting       | 1 2 3 4 |  4.1
Long Blades    | 2 |  2.6
Shields        | 1 2 |  2.9
Polearms       | 1 2 3 4 |  4.2

Action                   |  1- 3 |  4- 6 |  7- 9 | 10-12 || total
-------------------------+-------+-------+-------+-------++-------
Melee: Long sword        |       |       |    47 |       ||    47
       Trident           |       |       |    49 |    46 ||    95
 Cast: Foxfire           |    61 |    78 |   213 |   120 ||   472
       Sticky Flame      |       |     1 |    27 |    18 ||    46
       Fireball          |       |       |     1 |    22 ||    23
       Ozocubu's Armour  |       |       |       |     1 ||     1
Invok: Call Merchant     |       |       |       |     1 ||     1
  Use: Scroll            |       |     5 |     7 |     6 ||    18
       Potion            |       |     1 |     3 |     3 ||     7
 Stab: Sleeping          |       |       |    10 |     2 ||    12
       Distracted        |       |       |     1 |     1 ||     2
Armor: Robe              |     2 |     5 |    18 |       ||    25
       Steam dragon scal |       |       |     1 |    24 ||    25
Dodge: Dodged            |    22 |    19 |   104 |    60 ||   205
Block: Other             |       |       |    34 |    24 ||    58
       Reflection        |       |       |     1 |     2 ||     3
       Rpst.: Long sword |       |       |    19 |       ||    19

Table legend: (Time is in decaauts)
 A = Elapsed time spent in this place.
 B = Non-inter-level travel time spent in this place.
 C = Inter-level travel time spent in this place.
 D = Time resting spent in this place.
 E = Time spent auto-exploring this place.
 F = Levels seen in this place.
 G = Mean time per level.
                   A        B        C        D        E       F      G
               +--------+--------+--------+--------+--------+-----+--------+
         Total |  14465 |  14140 |    325 |   2311 |   9730 |  13 | 1112.7 |
       Dungeon |  13531 |  13228 |    303 |   2311 |   9057 |   9 | 1503.4 |
        Temple |     11 |     11 |      0 |      0 |      0 |   1 |   11.0 |
  Orcish Mines |    312 |    291 |     21 |      0 |    235 |   2 |  156.0 |
         Sewer |    610 |    610 |      0 |      0 |    438 |   1 |  610.0 |
               +--------+--------+--------+--------+--------+-----+--------+

Top non-repeatable levels by time:
     D:8: 2215 daAuts
     D:9: 1826 daAuts
     D:2: 1676 daAuts
     D:3: 1652 daAuts
     D:5: 1460 daAuts
     D:4: 1376 daAuts
     D:7: 1251 daAuts
     D:1: 1104 daAuts
     D:6: 967 daAuts
   Sewer: 610 daAuts
   Orc:1: 270 daAuts
   Orc:2: 41 daAuts
  Temple: 11 daAuts
